 Dungeon Crawl Stone Soup version 0.20.1-1-g8b1a95d (webtiles) character file.

4661 greenice the Fencer (level 10, -7/83 HPs)
             Began as a Minotaur Fighter on Aug 15, 2017.
             Was a Priest of Okawaru.
             Mangled by an eight-headed hydra (12 damage)
             ... on level 7 of the Dungeon.
             The game lasted 00:34:39 (8223 turns).

greenice the Fencer (Minotaur Fighter)              Turns: 8223, Time: 00:34:40

Health: -7/83      AC: 13    Str: 21    XL:     10   Next: 20%
Magic:  7/9        EV: 11    Int:  5    God:    Okawaru [***...]
Gold:   454        SH: 13    Dex: 13    Spells: 9/9 levels left

rFire    . . .     SeeInvis .   d - +2 falchion (flame)
rCold    . . .     Gourm    .   e - +2 shield
rNeg     + . .     Faith    .   b - +0 scale mail
rPois    .         Spirit   .   (helmet restricted)
rElec    .         Reflect  .   p - +1 cloak
rCorr    +         Harm     .   q - +0 pair of gloves
MR       .....                  D - +0 pair of boots
Stlth    +.........             w - amulet of regeneration
Regen    0.7/turn               s - ring of resist corrosion
MPRegen  0.2/turn               m - ring of positive energy

@: heroism
A: retaliatory headbutt, horns 2
a: Heroism, Renounce Religion


You were on level 7 of the Dungeon.
You worshipped Okawaru.
Okawaru was most pleased with you.
You were not hungry.

You visited 2 branches of the dungeon, and saw 9 of its levels.

You collected 509 gold pieces.
You spent 55 gold pieces at shops.

Inventory:

Hand Weapons
 d - a +2 falchion of flaming (weapon)
 N - a +4 long sword
Armour
 b - a +0 scale mail (worn)
 e - a +2 shield (worn)
 p - a +1 cloak (worn)
 q - a +0 pair of gloves (worn)
 A - a +0 large shield
 D - a +0 pair of boots (worn)
Jewellery
 m - a ring of positive energy (right hand)
 s - a ring of resist corrosion (left hand)
 w - an amulet of regeneration (around neck)
 M - an uncursed ring of ice
Wands
 J - a wand of paralysis (6/24)
 K - a wand of confusion (18/48)
 P - a wand of random effects (13/48)
Scrolls
 k - a scroll of enchant weapon {unknown}
 n - 3 scrolls of immolation {unknown}
 o - 4 scrolls of identify
 t - 2 scrolls of remove curse
 v - a scroll of fog
 x - a scroll of recharging {unknown}
 y - 5 scrolls of magic mapping
 E - a scroll of blinking {unknown}
 F - a scroll of vulnerability {unknown}
 H - a scroll of random uselessness {unknown}
Potions
 c - a potion of magic {unknown}
 g - a potion of heal wounds
 i - 2 potions of mutation {unknown}
 l - a potion of ambrosia {unknown}
 B - a potion of agility
 C - a potion of haste {unknown}
 G - a potion of cancellation {unknown}
 I - a potion of might
 L - a potion of brilliance {unknown}
Books
 O - a book of Necromancy

   Spells                             Type                      Level
   a - Pain                           Necromancy                   1
   b - Animate Skeleton               Necromancy                   1
   c - Vampiric Draining              Necromancy                   3
   d - Regeneration                   Charms/Necromancy            3
   e - Animate Dead                   Necromancy                   4
   f - Control Undead                 Necromancy                   4
Comestibles
 a - 6 chunks of flesh
 f - 9 bread rations
 r - 3 meat rations
 u - 5 royal jellies
 z - 9 fruits


   Skills:
 + Level 6.2(11.2) Fighting
 - Level 16.1(21.1) Long Blades
 - Level 3.6(8.6) Armour
 - Level 3.6(8.6) Shields


You had 9 spell levels left.
You didn't know any spells.

Dungeon Overview and Level Annotations

Branches:
Dungeon (8/15)             Temple (1/1) D:4
   Lair: D:8-11

Altars:
Ashenzari
Cheibriados
Dithmenos
Elyvilon
Fedhas
Gozag
Hepliaklqana
Kikubaaqudgha
Nemelex Xobeh
Okawaru
Qazlal
Ru
Sif Muna
Trog
Uskayaw
Vehumet
Xom
Yredelemnul
Zin
The Shining One

Shops:
D:4 !

Annotations:
D:7 Prince Ribbit


Innate Abilities, Weirdness & Mutations

You reflexively headbutt those who attack you in melee.
You have a pair of horns on your head.


Message History

You block the eight-headed hydra's attack.
The eight-headed hydra bites you.
* * * LOW HITPOINT WARNING * * *
The eight-headed hydra barely misses you.
The eight-headed hydra bites you!
* * * LOW HITPOINT WARNING * * *
The eight-headed hydra bites you.
* * * LOW HITPOINT WARNING * * *
The eight-headed hydra barely misses you.
You furiously retaliate!
You headbutt the eight-headed hydra!
You riposte.
You slash the eight-headed hydra! You burn the eight-headed hydra.
The eight-headed hydra is moderately wounded.
You block the eight-headed hydra's attack.
The eight-headed hydra bites you but does no damage. x2
You block the eight-headed hydra's attack.
The eight-headed hydra bites you.
* * * LOW HITPOINT WARNING * * *
The eight-headed hydra barely misses you.
The eight-headed hydra bites you!
You die...

#####...........................#
....#....##'########............#
....#....##.......##............#
....#.............#########.....#
....#.............##...####.....#
....#....................#......#
....#....................#......#
....#..........D.........#......#
#####..........F@........#......#
...##....###########.....#[.....#
...##....##.......##...).#......#
..........#.......##...####.....#
..........#.......##...####.....#
..........'.......#.............#
#####>...###########............#
...##....##.......##.........<..#
...########.......##...##.......#


You could see an eight-headed hydra and Prince Ribbit.

Vanquished Creatures
  Pikel (D:8)
  A cyclops (D:8)
  A spriggan (D:6)
  Edmund (D:6)
  2 orc warriors
  An ice beast (D:6)
  9 ogres
  2 phantoms
  4 bullfrogs
  A scorpion (D:7)
  4 killer bees (D:7)
  5 wights (D:7)
  A howler monkey (D:4)
  3 electric eels (D:6)
  A crimson imp (D:8)
  3 centaur zombies
  6 hounds
  A quasit (D:8)
  A bullfrog zombie (D:8)
  3 jellies
  4 orc wizards
  4 orc priests
  A centaur skeleton (D:6)
  A gnoll shaman (D:4)
  A bullfrog skeleton (D:5)
  7 worker ants
  An iguana (D:8)
  15 gnolls
  11 adders
  2 shadow imps
  2 adder skeletons
  An adder zombie (D:5)
  A dart slug (D:1)
  2 leopard geckos
  27 orcs
  2 ball pythons
  8 bats
  6 giant cockroaches
  14 goblins
  13 hobgoblins
  8 jackals
  6 quokkas
  6 frilled lizards
  12 kobolds
  2 quokka skeletons (D:7)
  5 rats
213 creatures vanquished.

Vanquished Creatures (others)
  The ghost of dscm the Covert, a novice OpEE of Uskayaw (D:8)
  4 slaves (D:8)
  An orc wizard (D:8)
6 creatures vanquished.

Grand Total: 219 creatures vanquished

Notes
Turn   | Place    | Note
-------+----------+-------------------------------------------
     0 | D:1      | greenice the Minotaur Fighter began the quest for the Orb.
     0 | D:1      | Reached XP level 1. HP: 19/19 MP: 0/0
     3 | D:1      | Noticed an electric eel
     3 | D:1      | Noticed an electric eel
    11 | D:1      | Found a snail-covered altar of Cheibriados.
   168 | D:1      | Reached skill level 3 in Long Blades
   217 | D:1      | Reached XP level 2. HP: 26/26 MP: 1/1
   392 | D:1      | Reached skill level 4 in Long Blades
   779 | D:2      | Reached XP level 3. HP: 31/31 MP: 2/2
   885 | D:2      | You fall through a shaft for 2 floors!
   893 | D:4      | Reached skill level 5 in Long Blades
   893 | D:4      | Reached XP level 4. HP: 29/39 MP: 3/3
   937 | D:4      | Noticed an ogre
   938 | D:4      | Killed an ogre
   938 | D:4      | Reached skill level 6 in Long Blades
   938 | D:4      | Reached XP level 5. HP: 40/45 MP: 4/4
   994 | D:3      | Reached skill level 7 in Long Blades
  1169 | D:3      | Found an ancient bone altar of Kikubaaqudgha.
  1174 | D:3      | Found a sacrificial altar of Ru.
  1750 | D:2      | Found a blossoming altar of Fedhas.
  2135 | D:3      | Reached XP level 6. HP: 51/51 MP: 5/5
  2207 | D:3      | Reached skill level 8 in Long Blades
  2675 | D:4      | Reached skill level 9 in Long Blades
  2682 | D:4      | Reached XP level 7. HP: 39/57 MP: 6/6
  2888 | D:4      | Found a staircase to the Ecumenical Temple.
  3021 | Temple   | Entered the Ecumenical Temple
  3069 | Temple   | Became a worshipper of Warmaster Okawaru
  3443 | D:4      | Reached skill level 10 in Long Blades
  3763 | D:4      | Found Mill's Distillery.
  3766 | D:4      | Bought 2 potions of degeneration for 22 gold pieces
  3766 | D:4      | Bought a potion of curing for 33 gold pieces
  3969 | D:5      | Entered Level 5 of the Dungeon
  4132 | D:5      | Found an opulent altar of Gozag.
  4434 | D:5      | Found a deep blue altar of Sif Muna.
  4797 | D:6      | Noticed Edmund
  4798 | D:6      | Found a basalt altar of Yredelemnul.
  4818 | D:6      | Reached skill level 11 in Long Blades
  4818 | D:6      | Reached XP level 8. HP: 11/64 MP: 7/7
  4913 | D:6      | Killed Edmund
  4913 | D:6      | Reached * piety under Okawaru
  5210 | D:6      | Reached skill level 12 in Long Blades
  5595 | D:6      | Reached skill level 13 in Long Blades
  6259 | D:6      | Reached XP level 9. HP: 47/70 MP: 8/8
  6318 | D:6      | Reached skill level 14 in Long Blades
  6324 | D:6      | Reached ** piety under Okawaru
  6841 | D:7      | Found a shadowy altar of Dithmenos.
  7219 | D:7      | Reached skill level 15 in Long Blades
  7500 | D:8      | Noticed Pikel
  7506 | D:8      | Noticed dscm's ghost (novice OpEE)
  7515 | D:8      | Killed Pikel
  7591 | D:8      | Killed dscm's ghost
  7620 | D:8      | Reached skill level 16 in Long Blades
  7777 | D:8      | Reached XP level 10. HP: 77/77 MP: 9/9
  7824 | D:8      | Reached *** piety under Okawaru
  7827 | D:8      | Noticed a cyclops
  7835 | D:8      | HP: 2/79 [cyclops/large rock (33)]
  8017 | D:8      | Killed a cyclops
  8017 | D:8      | Reached skill level 5 in Fighting
  8084 | D:8      | Noticed Prince Ribbit
  8085 | D:8      | Noticed an eight-headed hydra
  8223 | D:7      | Mangled by an eight-headed hydra

Skill      XL: |  1  2  3  4  5  6  7  8  9 10 |
---------------+-------------------------------+-----
Long Blades    | 3 4 5 6 7 9 11 13 16 | 16.1
Fighting       | 6 |  6.2
Armour         | |  3.6
Shields        | |  3.6

Action                   |  1- 3 |  4- 6 |  7- 9 | 10-12 || total
-------------------------+-------+-------+-------+-------++-------
Melee: Long sword        |    81 |   149 |   447 |    54 ||   731
       Headbutt          |     9 |    17 |    93 |     8 ||   127
Invok: Heroism           |       |       |     2 |     3 ||     5
  Use: Potion            |       |     1 |     5 |     1 ||     7
       Scroll            |       |       |     5 |     2 ||     7
  Eat: Chunk             |       |     6 |    16 |     2 ||    24
Armor: Scale mail        |    45 |    35 |   136 |    31 ||   247
Dodge: Dodged            |    20 |    27 |    99 |    17 ||   163
Block: Shield            |    62 |    72 |   219 |    34 ||   387
       Rpst.: Long sword |     6 |     4 |    17 |     2 ||    29
       Falchion          |       |       |       |     1 ||     1
